 Dungeon Crawl Stone Soup version 0.27-a0-1590-g15f69828bf (webtiles) character file.

Game seed: 8070906107062317301

197 robertstho the Magician (level 6, -1/42 HPs)
             Began as a Djinni Fire Elementalist on July 18, 2021.
             Slain by an ogre (23 damage)
             ... on level 4 of the Dungeon.
             The game lasted 00:03:51 (3871 turns).

robertstho the Magician (Djinni Fire Elementalist)  Turns: 3871, Time: 00:03:51

Health: -1/42      AC:  3    Str:  7    XL:     6   Next: 5%
Gold:   100        EV: 12    Int: 19    God:
                   SH:  0    Dex: 13

rFire    + + +     SeeInvis +   o - +2 short sword (elec)
rCold    x x .     Faith    .   (no shield)
rNeg     . . .     Spirit   .   a - +0 robe
rPois    ∞         Reflect  .   f - +0 helmet
rElec    .         Harm     .   (no cloak)
rCorr    .         Rampage  .   (no gloves)
Will     .....                  (boots unavailable)
Stlth    ++........             (no amulet)
HPRegen  0.14/turn              k - ring of fire
MPRegen  0.00/turn              p - ring of see invisible

@: flying
A: sickness immunity, fire resistance 2, cold vulnerability 1, float, innate
caster, hp casting, extra vitality 1
a: no special abilities


You were on level 4 of the Dungeon.
You visited 1 branch of the dungeon, and saw 4 of its levels.

You collected 100 gold pieces.

Inventory:

Hand Weapons
 c - a +0 dagger
 o - a +2 short sword of electrocution (weapon)
Armour
 a - a +0 robe (worn)
 f - a +0 helmet (worn)
Jewellery
 b - a ring of positive energy
 e - a ring of willpower
 k - a ring of fire (left hand)
 p - a ring of see invisible (right hand)
Wands
 h - a wand of paralysis (10)
Potions
 g - a potion of heal wounds
 j - a potion of haste
 l - a potion of attraction
 m - a potion of lignification {unknown}
 n - a potion of brilliance {unknown}
 q - 2 potions of magic {unknown}


   Skills:
 * Level 1.4 Fighting
 + Level 2.3 Dodging
 + Level 1.8 Stealth
 * Level 4.4 Spellcasting


You couldn't memorise any spells.
You knew the following spells:

 Your Spells              Type           Power      Damage    Failure   Level
a - Foxfire               Conj/Fire      100%       2x1d9     1%          1
b - Conjure Flame         Conj/Fire      32%        6-21      6%          3
c - Inner Flame           Hex/Fire       32%        N/A       6%          3
d - Sticky Flame          Conj/Fire      32%        2d5       21%         4
e - Fireball              Conj/Fire      16%        3d8       50%         5
f - Pain                  Necr           84%        1d8       1%          1
g - Wereblood             Tmut           21%        N/A       3%          2
Your spell library was empty.

Dungeon Overview and Level Annotations

Branches:
Dungeon (4/15)
 Temple: D:4-7

Altars:

Annotations:
D:4 Pikel


Innate Abilities, Weirdness & Mutations

You are immune to sickness and miasma.
You are immune to poison.
Your flesh is very heat resistant. (rF++)
You are vulnerable to cold. (rC-)
You float through the air rather than walking.
You learn spells naturally, not from books.
Your magical power is your life essence.
You have superior vitality. (+4 HP)


Message History

The lemure hits you.
* * * LOW HITPOINT WARNING * * *
Unknown command.
Your foxfire dissipates!
The foxfire hits Pikel.
Pikel is lightly wounded.
Your magical contamination has completely faded away.
Okay, then.
As you read the scroll of fear, it crumbles to dust.
You assume a fearsome visage.
Pikel looks frightened!
The lemure is unaffected. x3
The lemure hits you.
* * * LOW HITPOINT WARNING * * *
Unknown command.
Okay, then.
You feel much better. The lemure closely misses you.
The lemure hits you but does no damage.
Pikel begs, "Please don't kill me!"
Found a whip.
The lemure closely misses you.
Found 15 stones.
Found 16 stones.
An ogre comes into view. It is wielding a +0 giant club.
You see here 16 stones.
As you read the scroll of fear, it crumbles to dust.
You assume a fearsome visage.
The lemure is unaffected. x3
The ogre looks frightened!
The lemure hits you.
Unknown command.
The ogre seems to regain its courage.
As you read the scroll of fear, it crumbles to dust.
You assume a fearsome visage.
The lemure is unaffected. x3
The ogre looks frightened!
The lemure misses you. The lemure hits you!
The ogre cries, "Oh dear!
Oh dear!"
The ogre pleads, "Why can't we all just get along?"
The ogre looks desperately for an escape route.
An endoplasm comes into view.
The ogre seems to regain its courage.
The lemure hits you. The ogre completely misses you.
The ogre hits you with a +0 giant club!!
Ouch! That really hurt!
You die...

#.# #.# #.# #5#
#.# ######## #.#
#..5.5.####.#
#.###5####......#
#J..@O# ########
#######


You could see an ogre, 2 lemures and an endoplasm (asleep).

Vanquished Creatures
  Menkaure (D:4)
  A lemure (D:4)
  Robin (D:2)
  A shadow imp (D:3)
  A dart slug (D:2)
  4 orcs (D:3)
  6 ball pythons
  4 endoplasms
  2 giant cockroaches (D:1)
  11 goblins
  5 hobgoblins
  2 quokkas
  5 bats
  A frilled lizard (D:1)
  4 kobolds
  3 rats
52 creatures vanquished.

Vanquished Creatures (others)
  217 foxfires
217 creatures vanquished.

Grand Total: 269 creatures vanquished

Notes
Turn   | Place    | Note
-------+----------+-------------------------------------------
     0 | D:1      | robertstho the Djinni Fire Elementalist began the quest for
                  | the Orb.
     0 | D:1      | Reached XP level 1. HP: 15/15 MP: 0/0
   241 | D:1      | Reached XP level 2. HP: 8/21 MP: 0/0
  1178 | D:1      | Reached skill level 3 in Spellcasting
  1528 | D:2      | Noticed Robin
  1532 | D:2      | Reached XP level 3. HP: 18/26 MP: 0/0
  1532 | D:2      | Learned a level 1 spell: Pain
  1785 | D:2      | Killed Robin
  1962 | D:2      | Reached XP level 4. HP: 25/31 MP: 0/0
  2646 | D:2      | Found a faded altar of an unknown god.
  3341 | D:3      | Reached skill level 1 in Fighting
  3815 | D:4      | Noticed a lemure
  3815 | D:4      | Noticed Menkaure
  3820 | D:4      | Killed Menkaure
  3821 | D:4      | Reached skill level 4 in Spellcasting
  3821 | D:4      | Reached XP level 5. HP: 31/37 MP: 0/0
  3821 | D:4      | Learned a level 2 spell: Wereblood
  3821 | D:4      | Reached XP level 6. HP: 36/42 MP: 0/0
  3825 | D:4      | Noticed Pikel
  3846 | D:4      | Noticed an ogre
  3871 | D:4      | Slain by an ogre

Illustrated notes

Levels and vault maps discovered:
D:1:      dpeg_arrival_shelter, layout_basic, minmay_misc_feat_four_crosses,
          minmay_box_of_dots
D:2:      layout_loops_ring, shapermc_ecumenical_altar_venn, uniq_robin
D:3:      layout_loops_ring, kennysheep_generic_room_5
D:4:      layout_loops_ring, fedhas_altar_1, kennysheep_flooded_box, uniq_pikel,
          uniq_edmund, uniq_menkaure

Skill      XL: |  1  2  3  4 |
---------------+-------------+-----
Spellcasting   | 3 4 |  4.4
Fighting       | 1 |  1.4
Dodging        | |  2.3
Stealth        | |  1.8

Action                   |  1- 3 |  4- 6 || total
-------------------------+-------+-------++-------
 Cast: Foxfire           |    58 |    73 ||   131
  Use: Scroll            |       |     7 ||     7
       Potion            |       |     1 ||     1
Armor: Robe              |     9 |     2 ||    11
Dodge: Dodged            |    16 |     9 ||    25

Table legend: (Time is in decaauts)
 A = Elapsed time spent in this place.
 B = Non-inter-level travel time spent in this place.
 C = Inter-level travel time spent in this place.
 D = Time resting spent in this place.
 E = Time spent auto-exploring this place.
 F = Levels seen in this place.
 G = Mean time per level.
                   A        B        C        D        E       F      G
               +--------+--------+--------+--------+--------+-----+--------+
         Total |   3870 |   3751 |    119 |    135 |   3304 |   4 |  967.5 |
       Dungeon |   3870 |   3751 |    119 |    135 |   3304 |   4 |  967.5 |
               +--------+--------+--------+--------+--------+-----+--------+

Top non-repeatable levels by time:
     D:1: 1943 daAuts
     D:3: 944 daAuts
     D:2: 832 daAuts
     D:4: 149 daAuts
